 Dungeon Crawl Stone Soup version 0.22-a0-162-g33bf127 (webtiles) character file.

419 b5mith the Poker (level 7, -3/55 HPs)
             Began as a Human Berserker on Feb 12, 2018.
             Was a Believer of Trog.
             Splashed by a jelly's acid (9 damage)
             ... on level 4 of the Dungeon.
             The game lasted 00:15:16 (4057 turns).

b5mith the Poker (Human Berserker)                  Turns: 4057, Time: 00:15:18

Health: -3/55      AC: -8    Str: 19    XL:     7   Next: 16%
Magic:  7/7        EV: 10    Int:  8    God:    Trog [**....]
Gold:   48         SH:  8    Dex: 12    Spells: 6/6 levels left

rFire    . . .     SeeInvis .   f - +2 spear (freeze)
rCold    . . .     Gourm    .   j - +0 shield
rNeg     . . .     Faith    .   b - +0 animal skin
rPois    .         Spirit   .   r - +0 helmet
rElec    .         Reflect  .   (no cloak)
rCorr    .         Harm     .   (no gloves)
MR       .....                  (no boots)
Stlth    +.........             (no amulet)
HPRegen  0.18/turn              g - ring of flight
MPRegen  0.10/turn              (no ring)

@: corroded
A: no striking features
a: Berserk, Trog's Hand, Burn Spellbooks, Renounce Religion, Evoke Flight


You were on level 4 of the Dungeon.
You worshipped Trog.
Trog was pleased with you.
You were not hungry.

You visited 1 branch of the dungeon, and saw 5 of its levels.

You collected 246 gold pieces.
You spent 198 gold pieces at shops.

Inventory:

Hand Weapons
 a - a +0 spear
 f - a +2 spear of freezing (weapon)
Missiles
 e - 39 stones (quivered)
Armour
 b - a +0 animal skin (worn)
 j - a +0 shield (worn)
 r - a +0 helmet (worn)
Jewellery
 g - a ring of flight (left hand)
Wands
 o - a wand of flame (20)
Scrolls
 c - a scroll of blinking {unknown}
 h - 3 scrolls of teleportation
 i - 2 scrolls of fog
 l - a scroll of immolation {unknown}
 n - a scroll of amnesia {unknown}
 s - a scroll of noise {unknown}
Potions
 k - a potion of might {unknown}
 m - a potion of heal wounds
 q - 2 potions of flight
 t - a potion of ambrosia {unknown}
Comestibles
 d - a ration


   Skills:
 + Level 4.5 Fighting
 - Level 5.3 Polearms
 + Level 3.9 Armour
 - Level 2.0 Dodging
 * Level 1.9 Shields


You had 6 spell levels left.
You didn't know any spells.

Dungeon Overview and Level Annotations

Branches:
Dungeon (5/15)
 Temple: D:4-7

Altars:
Dithmenos
Elyvilon
Fedhas
Gozag
Uskayaw

Shops:
D:4 *


Message History

The jelly is heavily wounded.
The jelly barely misses you.
You hit the jelly. You freeze the jelly.
Your hands burn!
* * * LOW HITPOINT WARNING * * *
The jelly is almost dead.
You block the jelly's attack.
You barely miss the jelly.
The jelly is almost dead.
You block the jelly's attack.
You hit the jelly but do no damage. The acid corrodes you!
Your hands burn!
* * * LOW HITPOINT WARNING * * *
The jelly is almost dead.
The jelly barely misses you.
You hit the jelly but do no damage.
Your hands burn!
* * * LOW HITPOINT WARNING * * *
The jelly is almost dead.
The jelly hits you.
* * * LOW HITPOINT WARNING * * *
You are splashed with acid!
The acid burns!
You die...

..^....#'#...........#
######.#.####.###....# #
#........#.###....##########
####..#..#....................#
.....###......##.......##.###.#
.##..###..##...........#...##.#
.###..#..###...........#.P.##.#
..##.....##............#...##.###
................@......##.##.....
##.........##..)J.......#.#......
###..._...####.#.#####.##.#######
##.........##....#...###...###...
...................P....._.....P.
..##.....##......#...###...###...
.###..#..###.##..##### ##.##.####
.##..###..##.##....# #.#......
.....###.....##....# ##.##.....


You could see a jelly.

Vanquished Creatures
  A scorpion (D:4)
  A howler monkey (D:4)
  An orc priest (D:4)
  3 orc wizards
  Natasha (D:4)
  3 worker ants (D:4)
  5 adders
  An adder skeleton (D:4)
  2 worms
  3 dart slugs
  2 leopard geckos
  14 orcs
  4 giant cockroaches
  4 hobgoblins
  4 kobolds
  7 bats
  A frilled lizard (D:2)
  8 goblins
  4 rats
69 creatures vanquished.

Notes
Turn   | Place    | Note
-------+----------+-------------------------------------------
     0 | D:1      | b5mith the Human Berserker began the quest for the Orb.
     0 | D:1      | Reached XP level 1. HP: 18/18 MP: 1/1
   146 | D:1      | Reached XP level 2. HP: 14/24 MP: 2/2
   672 | D:2      | Reached XP level 3. HP: 29/29 MP: 3/3
  1150 | D:2      | Found an opulent altar of Gozag.
  1197 | D:2      | Noticed a hand axe
  1202 | D:2      | Noticed a hand axe
  1206 | D:2      | Found a hide-covered altar of Uskayaw.
  1213 | D:2      | Reached XP level 4. HP: 32/35 MP: 4/4
  1390 | D:3      | Reached skill level 4 in Polearms
  1672 | D:3      | Reached ** piety under Trog
  1707 | D:3      | Reached XP level 5. HP: 35/41 MP: 5/5
  2781 | D:4      | Reached XP level 6. HP: 40/48 MP: 6/6
  2799 | D:4      | Found a shadowy altar of Dithmenos.
  2818 | D:4      | Reached skill level 5 in Polearms
  3209 | D:4      | Found a white marble altar of Elyvilon.
  3265 | D:4      | Found a transporter.
  3354 | D:4      | Found a transporter.
  3743 | D:4      | Found a blossoming altar of Fedhas.
  3750 | D:4      | Noticed Natasha
  3753 | D:4      | Killed Natasha
  3792 | D:4      | Found Ziob's Assorted Antiques.
  3795 | D:4      | Bought 2 golden potions for 39 gold pieces
  3795 | D:4      | Bought a fizzy cyan potion for 19 gold pieces
  3795 | D:4      | Bought a helmet for 99 gold pieces
  3795 | D:4      | Bought a scroll labeled JAGEKHAZEE for 22 gold pieces
  3795 | D:4      | Bought a cyan potion for 19 gold pieces
  3863 | D:4      | Reached skill level 1 in Shields
  3899 | D:4      | Reached XP level 7. HP: 32/55 MP: 7/7
  4017 | D:5      | Entered Level 5 of the Dungeon
  4057 | D:4      | Splashed by a jelly's acid

Vault maps used:
D:1:      dpeg_arrival_radiant
D:2:      nicolae_gozag_cash_rules_everything_around_me, dancing_weapons_uskayaw
D:3:      serial_bayou_pond_e
D:4:      gammafunk_wand_slinger, nicolae_dithmenos_shadow_blocks,
          lemuel_doored_altar, serial_shops, kennysheep_mini, elyvilon_altar_1,
          uniq_natasha
D:5:      first_ration, minivault_23

Skill      XL: |  1  2  3  4  5  6 |
---------------+-------------------+-----
Polearms       | 4 5 |  5.3
Armour         | 3 |  3.9
Fighting       | 4 |  4.5
Shields        | 1 |  1.9
Dodging        | |  2.0

Action                   |  1- 3 |  4- 6 |  7- 9 || total
-------------------------+-------+-------+-------++-------
Melee: Spear             |    65 |   176 |    19 ||   260
Throw: Stone             |    39 |    89 |    10 ||   138
Evoke: Wand              |       |     5 |       ||     5
  Use: Scroll            |     1 |     4 |       ||     5
       Potion            |       |     1 |     1 ||     2
  Eat: Ration            |     1 |     2 |       ||     3
Armor: Animal skin       |     2 |    17 |     2 ||    21
Dodge: Dodged            |    24 |    77 |     5 ||   106
Block: Shield            |       |    14 |     3 ||    17

Table legend:
 A = Spawn XP
 B = Non-spawn XP
 C = Spawn XP percentage of total XP
 D = Spawn monster count
 E = Non-spawn monster count
 F = Spawn count percentage of total count
 G = Total turns spent on level
                    A         B        C        D         E        F      G
               +---------+---------+-------+---------+---------+-------+---------
         Total |       0 |     599 |   0.0 |       0 |      69 |   0.0 |  4057
               +---------+---------+-------+---------+---------+-------+---------
           D:1 |       0 |      19 |   0.0 |       0 |       9 |   0.0 |   615
           D:2 |       0 |      59 |   0.0 |       0 |      13 |   0.0 |   767
           D:3 |       0 |     147 |   0.0 |       0 |      32 |   0.0 |  1364
           D:4 |       0 |     329 |   0.0 |       0 |      13 |   0.0 |  1284
           D:5 |       0 |      45 |   0.0 |       0 |       2 |   0.0 |    27
               +---------+---------+-------+---------+---------+-------+---------
